 Dungeon Crawl Stone Soup version 0.32-a0-460-gc8eefc90e7 (webtiles) character file.

Game seed: 6250078519094843344

105 Amplified the Trooper (level 4, -1/40 HPs)
             Began as a Mountain Dwarf Wanderer on Feb 24, 2024.
             Slain by an orc wizard
             ... wielding a +2 dagger of electrocution
              (11 damage)
             ... on level 3 of the Dungeon.
             The game lasted 00:05:35 (2586 turns).

Amplified the Trooper (Mountain Dwarf Wanderer)     Turns: 2586, Time: 00:05:35

Health: -1/40      AC:  7    Str: 17    XL:     4   Next: 53%
Magic:  5/5        EV:  9    Int: 14    God:
Gold:   148        SH:  0    Dex:  7    Spells: 2/5 levels left

rFire   . . .        q - +5 mace of Putrescence {freeze, Will+ SInv Stlth+}
rCold   . . .        (no shield)
rNeg    . . .        c - +0 scale mail
rPois   .            (no helmet)
rElec   .            (no cloak)
rCorr   .            (no gloves)
SInv    +            m - +0 pair of boots
Will    +....        (no amulet)
Stlth   +            k - +4 ring of slaying
HPRegen 0.26/turn    (no ring)
MPRegen 0.09/turn

%: no passive effects
@: about to teleport
A: runic magic, artefact enchanting
a: no special abilities


You were on level 3 of the Dungeon.
You visited 1 branch of the dungeon, and saw 3 of its levels.

You collected 148 gold pieces.

Inventory:

Hand Weapons
 a - a +0 club
 d - a +0 quarterstaff
 q - the +5 mace of Putrescence (weapon) {freeze, Will+ SInv Stlth+}
   (You found it on level 3 of the Dungeon)

   Will+:     It increases your willpower.
   SInv:      It lets you see invisible.
   Stlth+:    It makes you more stealthy.
Missiles
 f - 2 throwing nets
 i - 5 poisoned darts
Armour
 c - a +0 scale mail (worn)
 m - a +0 pair of boots (worn)
Jewellery
 k - a +4 ring of slaying (left hand)
Talismans
 g - a beast talisman
Scrolls
 e - a scroll of silence
 l - a scroll of poison
 n - 3 scrolls of vulnerability {unknown}
 o - a scroll of revelation
 r - a scroll of blinking {unknown}
Potions
 b - 2 potions of attraction


   Skills:
 * Level 4.1 Fighting
 * Level 1.6(2.0) Maces & Flails
 - Level 1.4(1.8) Staves
 * Level 2.6 Armour
 - Level 1.1 Dodging
 - Level 1.0 Spellcasting
 * Level 2.8 Translocations
 - Level 1.1 Evocations


You had 2 spell levels left.
You knew the following spells:

 Your Spells              Type           Power      Damage    Failure   Level
a - Apportation           Tloc           16%        N/A       11%         1
b - Lesser Beckoning      Tloc           16%        N/A       17%         2

Your spell library contained the following spells:

 Spells                   Type           Power      Damage    Failure   Level
 Iskenderun's Mystic Bla  Conj/Tloc      4%         2d3       89%         4


Dungeon Overview and Level Annotations

Branches:
Dungeon (3/15)

Altars:
Ashenzari
Trog


Innate Abilities, Weirdness & Mutations

Your spellcasting is much less encumbered by armour.
You can use scrolls of enchantment on lesser artefacts.


Message History

The ball python bites you but does no damage.
The ball python barely misses you.
You sock the ball python! You freeze the ball python.
You kill the ball python!
The orc hits you but does no damage.
You sock the orc! You freeze the orc.
You kill the orc!
You closely miss the orc. The orc barely misses you.
You closely miss the orc. The orc closely misses you. x2
You hit the orc. You freeze the orc.
You kill the orc!
No target in view!
Items here: ))) †.
An orc wizard comes into view.
It is wielding a +2 dagger of electrocution.
The orc wizard shouts!
Found a bloodstained altar of Trog.
The orc wizard casts a spell at you. You resist with almost no effort.
You start waiting.
An orc wizard is nearby!
The orc wizard hits you with a +2 dagger of electrocution.
You barely miss the orc wizard.
The orc wizard gestures at you while chanting.
The puff of flame hits you!
You hit the orc wizard. You freeze the orc wizard.
The orc wizard is severely wounded.
The orc wizard hits you with a +2 dagger of electrocution.
You are electrocuted!!
* * * LOW HITPOINT WARNING * * *
You are too injured to fight recklessly!
You feel better.
The orc wizard hits you with a +2 dagger of electrocution.
As you read the scroll of teleportation, it crumbles to dust.
You feel strangely unstable.
The orc wizard hits you with a +2 dagger of electrocution.
* * * LOW HITPOINT WARNING * * *
It was a potion of magic.
Magic courses through your body.
The orc wizard hits you but does no damage.
You are electrocuted!
You die...

##### ##.##....
....####.#.#..###.#
♣.♣.....###........
♣♣~♣.###.#.#..###.#
~~~~.####.##...##.#
~P~P~~♣ #.##.#.##.#
~~~~~♣♣##.##.#>##.#
~~~~~~P##.#..#..#.####
~P♣~~~♣.....)...@....#
~~~~♣~♣♣#..####o####.....
≈~≈~~~P♣#..# ..... ###
≈≈≈~P~~♣#..#.......#
≈≈≈≈≈P~~♣..#......o#
≈≈≈≈~♣~♣♣......_.....
≈≈≈≈≈≈~~...#.......#.#
#.##
≈≈≈≈≈P~~...#.......#.#
#... ≈≈≈≈≈~♣P...# ####


You could see an orc wizard.

Vanquished Creatures
  4 adders
  5 dart slugs
  3 orcs (D:3)
  9 ball pythons
  3 bats (D:1)
  3 endoplasms
  3 giant cockroaches
  2 goblins (D:1)
  4 hobgoblins
  6 jackals
  2 quokkas
  4 frilled lizards
  3 rats
51 creatures vanquished.

Notes
Turn   | Place    | Note
-------+----------+-------------------------------------------
     0 | D:1      | Amplified the Mountain Dwarf Wanderer began the quest for
                  | the Orb.
     0 | D:1      | Amplified set off with the following items: a +0 club, a
                  | potion of attraction, a potion of curing, a +0 robe, a
                  | scroll of silence; and the following spell memorised:
                  | Apportation; and the following spells available to
                  | memorise: Lesser Beckoning, Iskenderun's Mystic Blast.
     0 | D:1      | Reached XP level 1. HP: 19/19 MP: 2/2
   207 | D:1      | Reached skill level 1 in Maces & Flails
   207 | D:1      | Reached XP level 2. HP: 24/26 MP: 3/3
   644 | D:1      | Learned a level 2 spell: Lesser Beckoning
  1081 | D:1      | Reached XP level 3. HP: 32/33 MP: 4/4
  1214 | D:2      | Noticed a black bear
  1516 | D:2      | Reached skill level 1 in Staves
  1847 | D:2      | Reached XP level 4. HP: 40/40 MP: 5/5
  2247 | D:3      | Reached skill level 4 in Fighting
  2292 | D:3      | Found a broken altar of Ashenzari.
  2325 | D:3      | Identified the +5 mace of Putrescence {freeze, Will+ SInv
                  | Stlth+}
  2576 | D:3      | Found a bloodstained altar of Trog.
  2586 | D:3      | Slain by an orc wizard

Illustrated notes

Levels and vault maps discovered:
D:1:      onia_arrival_pyramid, layout_basic, minmay_ruptured
D:2:      layout_basic, minivault_23
D:3:      layout_loops_ring, palyth_temple_overflow_mages,
          ashenzari_conservatory_becter, old_standard_altar, serial_bayou,
          serial_bayou_lake_a, serial_bayou_ford_a, serial_bayou_pond_d,
          serial_bayou_shore_b, amethyst_killhole

Skill      XL: |  1  2  3  4 |
---------------+-------------+-----
Maces & Flails | 1 |  1.6
Armour         | 2 |  2.6
Staves         | 1 |  1.4
Fighting       | 4 |  4.1
Dodging        | |  1.1
Spellcasting   | |  1.0
Translocations | |  2.8
Evocations     | |  1.1

Action                     |  1- 3 |  4- 6 || total
---------------------------+-------+-------++-------
  Melee: Club              |    97 |       ||    97
         Quarterstaff      |    60 |    27 ||    87
         Mace              |       |    25 ||    25
    Use: Potion            |     1 |     2 ||     3
         Scroll            |     5 |     2 ||     7
 Armour: Robe              |    62 |       ||    62
         Scale mail        |    62 |    30 ||    92
  Dodge: Dodged            |    99 |    29 ||   128

Table legend: (Time is in decaauts)
 A = Elapsed time spent in this place.
 B = Non-inter-level travel time spent in this place.
 C = Inter-level travel time spent in this place.
 D = Time resting spent in this place.
 E = Time spent auto-exploring this place.
 F = Levels seen in this place.
 G = Mean time per level.
                   A        B        C        D        E       F      G
               +--------+--------+--------+--------+--------+-----+--------+
         Total |   2657 |   2437 |    220 |    229 |   1245 |   3 |  885.7 |
       Dungeon |   2657 |   2437 |    220 |    229 |   1245 |   3 |  885.7 |
               +--------+--------+--------+--------+--------+-----+--------+

Top non-repeatable levels by time:
     D:1: 1327 daAuts
     D:2: 880 daAuts
     D:3: 449 daAuts
